 Dungeon Crawl Stone Soup version 0.29.0-7-g18a832c13a (webtiles) character file.

Game seed: 16600280371483934950

65 Urakste the Insei (level 4, -1/28 HPs)
             Began as an Octopode Transmuter on Sept 1, 2022.
             Succumbed to an adder's poison
             ... on level 2 of the Dungeon.
             The game lasted 00:07:14 (1577 turns).

Urakste the Insei (Octopode Transmuter)             Turns: 1577, Time: 00:07:15

Health: -1/28      AC:  1    Str: 11    XL:     4   Next: 14%
Magic:  6/7        EV: 13    Int: 15    God:
Gold:   53         SH:  0    Dex: 12    Spells: 7/8 levels left

rFire   . . .      SeeInvis .     - Unarmed
rCold   . . .      Faith    .   (no shield)
rNeg    . . .      Spirit   .   (helmet currently unavailable)
rPois   .          Reflect  .   (no amulet)
rElec   .          Harm     .   (no ring)
rCorr   .          Rampage  .   (no ring)
Will    .....                   (no ring)
Stlth   +++.......              (no ring)
HPRegen 0.09/turn               (no ring)
MPRegen 0.10/turn               (no ring)
                                (no ring)
                                (no ring)

@: lethally poisoned (-1 -> -8), appendages
A: tentacle spike 3, almost no armour, amphibious, 8 rings, camouflage 1,
gelatinous body 1, (nimble swimmer 1), tentacles
a: End Transformation


You were on level 2 of the Dungeon.
One of your tentacles had grown a beastly spike.
You visited 1 branch of the dungeon, and saw 2 of its levels.

You collected 53 gold pieces.

Inventory:

Hand Weapons
 f - a +0 short sword
Jewellery
 j - a ring of protection from fire
Scrolls
 b - 2 scrolls of immolation {unknown}
 d - a scroll of enchant armour {unknown}
 g - a scroll of teleportation {unknown}
 i - a scroll of fear {unknown}
Potions
 a - a potion of lignification
 c - a potion of berserk rage {unknown}
 e - a potion of resistance {unknown}
 h - a potion of degeneration {unknown}
 k - a potion of curing {unknown}
 l - a potion of brilliance {unknown}
 m - a potion of magic {unknown}


   Skills:
 + Level 1.1 Fighting
 + Level 2.3 Dodging
 + Level 1.8 Stealth
 + Level 3.8 Unarmed Combat
 + Level 2.5 Spellcasting
 + Level 2.1 Transmutations


You had 7 spell levels left.
You knew the following spells:

 Your Spells              Type           Power      Damage    Failure   Level
a - Beastly Appendage     Tmut           16%        N/A       9%          1

Your spell library contained the following spells:

 Spells                   Type           Power      Damage    Failure   Level
 Wereblood                Tmut           8%         N/A       13%         2
 Spider Form              Tmut/Pois      5%         N/A       38%         3
 Tukima's Dance           Hex            1%         N/A       54%         3
 Ice Form                 Ice/Tmut       5%         N/A       80%         4
 Passage of Golubria      Tloc           1%         N/A       91%         4
 Yara's Violent Unravell  Hex/Tmut       2%         3d3       98%         5


Dungeon Overview and Level Annotations

Branches:
Dungeon (2/15)

Altars:


Innate Abilities, Weirdness & Mutations

One of your tentacles has grown a beastly spike.
You cannot wear most types of armour.
You are amphibious.
You can wear up to eight rings at the same time.
Your skin changes colour to match your surroundings (Stealth+).
Your rubbery body absorbs attacks. (AC +1, EV +1)
((You are camouflaged when in or above water. (Stealth+)))
You have tentacles for arms and can constrict up to eight enemies at once.


Message History

The iguana closely misses you.
You tentacle-slap the iguana but do no damage.
Your squeeze misses the iguana.
The iguana is lightly wounded.
You constrict the iguana, but do no damage.
The iguana closely misses you.
You bludgeon the iguana! You tentacle-slap the iguana. You squeeze the iguana.
The iguana is almost dead.
You constrict the iguana, but do no damage.
The iguana barely misses you.
You tentacle-slap the iguana but do no damage.
You squeeze the iguana.
You kill the iguana!
You have reached level 4!
Casting: Beastly Appendage (safe; 9% risk of failure)
Press: ? - help, Q - select action Dir - look around, f - activate One of your tentacles grows a vicious spike.
The adder closely misses you.
You closely miss the adder. You grab the adder. You constrict the adder.
The adder bites you.
You are poisoned.
The adder poisons you! The adder bites you.
* * * LOW HITPOINT WARNING * * *
You are lethally poisoned!
The adder poisons you!
You barely miss the adder.
Your tentacle spike misses the adder.
The adder is lightly wounded.
You constrict the adder.
* * * LOW HITPOINT WARNING * * *
You feel very sick. The adder bites you.
* * * LOW HITPOINT WARNING * * *
You tentacle-slap the adder. Your squeeze misses the adder.
The adder is heavily wounded.
You constrict the adder.
* * * LOW HITPOINT WARNING * * *
You feel sick. The adder barely misses you.
You tentacle-slap the adder.
You kill the adder!
You die...

#### .. . #.. ##
##.....! .. #.#
.###...?.. ## #.
####.#### ..#......
.. #.......#
...#.... #.
#.......# ..##...
###....†.†##....w..
............[# #†#
.##.......#### #@#
.##.......# #.#
.##.......# ##.# ##
.########.# ###.[#
.. .# #)# #....# ##
># #.# #.#.## †#
#.# #.#.## .#
#.###.#.># .#
#.##....#. ##


You could see a dart slug.

Vanquished Creatures
  An iguana (D:2)
  2 adders (D:2)
  A dart slug (D:2)
  3 ball pythons
  4 bats (D:1)
  An endoplasm (D:1)
  3 goblins
  4 hobgoblins
  4 kobolds (D:1)
  A quokka (D:1)
  2 frilled lizards
  4 rats (D:1)
30 creatures vanquished.

Notes
Turn   | Place    | Note
-------+----------+-------------------------------------------
     0 | D:1      | Urakste the Octopode Transmuter began the quest for the
                  | Orb.
     0 | D:1      | Reached XP level 1. HP: 13/13 MP: 3/3
   389 | D:1      | Reached XP level 2. HP: 18/18 MP: 5/5
   974 | D:1      | Found a faded altar of an unknown god.
  1173 | D:2      | Reached XP level 3. HP: 23/23 MP: 6/6
  1387 | D:2      | Identified the +1 robe "Gaown" {Int+5 Dex+2 Stlth+}
  1486 | D:2      | Reached skill level 1 in Stealth
  1573 | D:2      | Reached XP level 4. HP: 14/28 MP: 7/7
  1576 | D:2      | HP: 1/28 [poisoned by an adder]
  1577 | D:2      | Succumbed to an adder's poison

Illustrated notes

Levels and vault maps discovered:
D:1:      minmay_arrival_loop, layout_rooms, ebering_ecumenical_altar_hall
D:2:      layout_loops_ring

Skill      XL: |  1  2  3 |
---------------+----------+-----
Stealth        | 1 |  1.8
Fighting       | |  1.1
Dodging        | |  2.3
Unarmed Combat | |  3.8
Spellcasting   | |  2.5
Transmutations | |  2.1

Action                   |  1- 3 |  4- 6 || total
-------------------------+-------+-------++-------
Melee: Unarmed           |    69 |     4 ||    73
       Constrict         |    19 |     1 ||    20
       Kick              |     7 |       ||     7
       Tentacles         |    14 |       ||    14
       Punch             |     2 |       ||     2
 Cast: Beastly Appendage |    10 |     1 ||    11
 Stab: Sleeping          |     5 |       ||     5
Armor: Skin              |    14 |       ||    14
Dodge: Dodged            |    54 |     2 ||    56
